 Dungeon Crawl Stone Soup version 0.17-a0-1633-g92a3a4e (webtiles) character file.

339 nrokreffefp the Conjurer (level 6, -4/41 HPs)
             Began as a Demonspawn Fire Elementalist on Aug 4, 2015.
             Slain by a mummy (11 damage)
             ... in an ossuary.
             The game lasted 00:16:46 (4068 turns).

nrokreffefp the Conjurer (DsFE)                     Turns: 4068, Time: 00:16:46

Health: -4/41      AC:  8    Str:  8    XL:     6   Next: 29%
Magic:  2/12       EV: 12    Int: 19    God:
Gold:   164        SH:  0    Dex: 13    Spells: 2 memorised, 9 levels left

rFire  . . .     SeeInvis .     (no weapon)
rCold  . . .     Clarity  .     a - +0 robe
rNeg   . . .     SustAt   .     (no shield)
rPois  .         Gourm    .     q - +1 helmet
rElec  .         Spirit   .     (no cloak)
rCorr  .         Warding  .     (no gloves)
rMut   .         Stasis   .     (no boots)
MR     .....                    e - amulet of regeneration
Stlth  ++........               (no ring)
                                d - ring of flight

@: not resistant to hostile enchantments, unstealthy
A: hooves 1, iridescent scales 1, rot immunity
a: Evoke Flight


You were in an ossuary.
You were not hungry.

You visited 1 branch of the dungeon, and saw 4 of its levels.
You also visited: Ossuary.

You collected 164 gold pieces.

Inventory:

Armour
 a - a +0 robe (worn)
 q - a +1 helmet (worn)
Jewellery
 d - a ring of flight (left hand)
 e - an amulet of regeneration (around neck)
Scrolls
 i - a scroll of fear
 l - a scroll of remove curse
 m - 2 scrolls of magic mapping
 r - 2 scrolls of identify
Potions
 h - 2 potions of might {unknown}
 k - a potion of heal wounds
 n - a potion of poison {unknown}
 p - 2 potions of curing {unknown}
 s - a potion of lignification {unknown}
 u - a potion of agility {unknown}
Books
 b - a book of Flames

   Spells                             Type                      Level
   a - Flame Tongue                   Conjuration/Fire             1
   b - Throw Flame                    Conjuration/Fire             2
   c - Conjure Flame                  Conjuration/Fire             3
   d - Inner Flame                    Hexes/Fire                   3
   e - Sticky Flame                   Conjuration/Fire             4
   f - Fireball                       Conjuration/Fire             5
Comestibles
 c - 2 bread rations
 f - 3 meat rations
 g - 3 fruits
 j - a beef jerky


   Skills:
 - Level 1.7 Dodging
 - Level 1.7 Stealth
 + Level 4.0 Spellcasting
 - Level 4.2 Conjurations
 + Level 3.7 Fire Magic


You had 9 spell levels left.
You knew the following spells:

 Your Spells              Type           Power        Failure   Level  Hunger
a - Flame Tongue          Conj/Fire      ###..        2%          1    None
b - Conjure Flame         Conj/Fire      ###.....     10%         3    ###....


Dungeon Overview and Level Annotations

Branches:
Dungeon (4/15)
 Temple: D:4-7

Altars:
Fedhas
Trog

Annotations:
D:3 exclusion: oklob plant


Innate Abilities, Weirdness & Mutations

You have large cloven feet.
You are partially covered in iridescent scales (AC +4).
You are immune to rotting.


Message History

Casting: Flame Tongue
Confirm with . or Enter, or press ? or * to list all spells.
Aiming: Flame Tongue
Press: ? - help, Shift-Dir - straight line, f/p - mummy
Aim: a mummy (almost destroyed)
The flame tongue misses the mummy.
The flame tongue hits the mummy.
The mummy appears unharmed.
The mummy hits you!
Casting: Flame Tongue
Confirm with . or Enter, or press ? or * to list all spells.
Aiming: Flame Tongue
Press: ? - help, Shift-Dir - straight line, f/p - mummy
Aim: a mummy (almost destroyed)
The flame tongue misses the mummy.
The mummy hits you!
* * * LOW HITPOINT WARNING * * *
Read which item? (? for menu, Esc to quit)
As you read the scroll labeled GORCHI REQAMI, it crumbles to dust.
It is a scroll of recharging.
You aren't carrying any rechargeable items.
The mummy misses you. The mummy hits you!
You die...

##'###'###'###'###'#####..#
...#...#...#...#...#...#..#
.#'#####'####'######'#.#..#
.#....#....#....#....#.'..#
##....#....#....#....###..#
#....#....#....#....#.#..#
#....#....#....#....#.#..#
#####################.'..#
.....MM@....###..#
.....MM#....#.#..#
.!!!...#....'.#..#
!!$!!..#....#.'..#
!$∩$?..########..# !!$!?..
#..# .!!!... #..# .......
+..# #..#


You could see 4 mummies.

Vanquished Creatures
  Ijyb (D:2)
  Jessica (D:2)
  A centaur zombie (Ossuary)
  A worker ant (D:4)
  2 mummies (Ossuary)
  3 gnolls (D:3)
  7 adders
  2 oozes
  2 adder zombies (Ossuary)
  5 worms (D:2)
  2 giant geckos (D:2)
  7 orcs
  7 bats
  8 goblins
  4 hobgoblins
  7 jackals
  2 quokkas
  3 ball pythons
  4 giant cockroaches (D:2)
  4 giant newts
  5 goblin zombies (Ossuary)
  A hobgoblin zombie (Ossuary)
  7 kobolds
  A kobold zombie (Ossuary)
  3 quokka zombies (Ossuary)
  8 rats
98 creatures vanquished.

Vanquished Creatures (others)
  17 toadstools (D:3)
17 creatures vanquished.

Grand Total: 115 creatures vanquished

Notes
Turn   | Place    | Note
--------------------------------------------------------------
     0 | D:1      | nrokreffefp the Demonspawn Fire Elementalist began the quest for the Orb.
     0 | D:1      | Reached XP level 1. HP: 13/13 MP: 3/3
   259 | D:1      | Gained mutation: You are partially covered in iridescent scales (AC +4). [demonic ancestry]
   259 | D:1      | Reached XP level 2. HP: 19/19 MP: 1/5
  1182 | D:2      | Reached XP level 3. HP: 24/24 MP: 0/6
  1569 | D:2      | Reached skill level 3 in Conjurations
  1963 | D:2      | Gained mutation: You have large cloven feet. [demonic ancestry]
  1963 | D:2      | Reached XP level 4. HP: 30/30 MP: 3/8
  1974 | D:2      | Noticed Ijyb
  2004 | D:2      | Killed Ijyb
  2056 | D:2      | Noticed Jessica
  2059 | D:2      | Killed Jessica
  2059 | D:2      | Reached skill level 4 in Conjurations
  2062 | D:2      | Reached XP level 5. HP: 19/35 MP: 6/9
  2626 | D:3      | Found a bloodstained altar of Trog.
  2793 | D:3      | Learned a level 3 spell: Conjure Flame
  3041 | D:3      | Found a blossoming altar of Fedhas.
  3052 | D:3      | Noticed an oklob plant
  3667 | D:4      | Gained mutation: You are immune to rotting. [demonic ancestry]
  3667 | D:4      | Reached XP level 6. HP: 36/41 MP: 5/11
  3762 | D:4      | Found a sand-covered staircase.
  3768 | Ossuary  | Entered an ossuary
  4068 | Ossuary  | Slain by a mummy

Vault maps used:
D:1:      dpeg_arrival_arbitrary_c, minmay_misc_feat_four_crosses,
          nrook_mini_vaults
D:2:      uniq_jessica, uniq_iyjb
D:3:      old_standard_altar, first_bread, tgw_fedhas
D:4:      nicolae_ossuary_entry_plus
Ossuary:  ossuary_boxes_badplayer

Action                   |  1- 3 |  4- 6 || total
-------------------------+-------+-------++-------
Melee: Unarmed           |    41 |   113 ||   154
 Cast: Flame Tongue      |    76 |   124 ||   200
  Use: Scroll            |     3 |     5 ||     8
 Stab: Sleeping          |     2 |       ||     2
  Eat: Chunk             |     4 |     7 ||    11
